 Dungeon Crawl Stone Soup version 0.29.1-13-g9f3cf754e1 (webtiles) character file.

Game seed: 14582159945268141061

8510 javelincjr the Thaumaturge (level 11, -8/63 HPs)
             Began as a Djinni Conjurer on Feb 8, 2023.
             Was a Believer of Hepliaklqana.
             Killed from afar by a gargoyle (18 damage)
             ... with a stone arrow
             ... on level 10 of the Dungeon on Feb 9, 2023.
             The game lasted 01:05:55 (15575 turns).

javelincjr the Thaumaturge (Djinni Conjurer)       Turns: 15575, Time: 01:05:56

Health: -8/63      AC:  8    Str: 10    XL:     11   Next: 57%
Gold:   1391       EV: 28    Int: 20    God:    Hepliaklqana [**....] SH:  5 Dex: 12

rFire   + + .      SeeInvis .   o - +3 short sword (vamp)
rCold   + + .      Faith    .   p - +0 buckler
rNeg    . . .      Spirit   .   r - +1 leather armour {rC+}
rPois   ∞          Reflect  .   v - +0 helmet
rElec   .          Harm     .   M - +0 cloak
rCorr   .          Rampage  .   C - +0 pair of gloves
Will    +....                   (boots unavailable)
Stlth   ++........              E - amulet of the acrobat
HPRegen 0.20/turn               B - ring of protection from cold
MPRegen 0.00/turn               y - ring of protection from cold

@: acrobatic, flying, studying 2 skills
A: reduced essence, sickness immunity, fire resistance 2, cold vulnerability 1,
float, innate caster, HP casting, extra vitality 1
a: Renounce Religion, Recall Ancestor, Ancestor Identity


You were on level 10 of the Dungeon.
You worshipped Hepliaklqana.
Hepliaklqana was pleased with you.
You visited 2 branches of the dungeon, and saw 11 of its levels.
You also visited: Sewer and Ossuary.

You collected 1391 gold pieces.

Inventory:

Hand Weapons
 o - a +3 vampiric short sword (weapon)
 z - a +2 flail of holy wrath
Missiles
 b - 25 poisoned darts
 j - 3 curare-tipped darts
 l - 7 boomerangs
 N - 2 silver boomerangs
Armour
 e - +0 steam dragon scales
 p - a +0 buckler (worn)
 r - a +1 leather armour of cold resistance (worn)
 v - a +0 helmet (worn)
 A - a +2 tower shield
 C - a +0 pair of gloves (worn)
 M - a +0 cloak (worn)
Jewellery
 n - an amulet of faith
 y - a ring of protection from cold (right hand)
 B - a ring of protection from cold (left hand)
 E - an amulet of the acrobat (around neck)
Wands
 F - a wand of flame (28)
 L - a wand of light (10)
 P - a wand of iceblast (4)
Scrolls
 a - a scroll of silence
 d - 5 scrolls of teleportation
 f - 2 scrolls of brand weapon
 h - 2 scrolls of blinking
 i - 3 scrolls of fog
 k - a scroll of summoning
 q - a scroll of enchant weapon {unknown}
 w - a scroll of enchant armour {unknown}
 I - a scroll of poison {unknown}
 O - a scroll of fear {unknown}
Potions
 c - a potion of degeneration {unknown}
 g - 2 potions of cancellation {unknown}
 m - 3 potions of magic {unknown}
 s - 2 potions of resistance {unknown}
 t - 3 potions of lignification {unknown}
 u - 8 potions of curing {unknown}
 x - 2 potions of mutation {unknown}
 D - 8 potions of heal wounds
 G - a potion of invisibility
 H - a potion of brilliance
 J - 2 potions of flight {unknown}
 K - a potion of berserk rage {unknown}
 Q - 2 potions of haste


   Skills:
 + Level 2.6 Fighting
 + Level 2.5 Short Blades
 + Level 4.9 Armour
 + Level 5.8 Dodging
 + Level 4.6 Stealth
 * Level 6.6 Shields
 + Level 10.5 Spellcasting


You had 4 spell levels left.
You knew the following spells:

 Your Spells              Type           Power      Damage    Failure   Level
a - Magic Dart            Conj           100%       1d8       1%          1
b - Searing Ray           Conj           100%       2d8       1%          2
c - Dazzling Flash        Conj/Hex       100%       N/A       1%          3
d - Fulminant Prism       Conj/Hex       26%        3d14      1%          4
e - Iskenderun's Mystic   Conj/Tloc      52%        2d11      1%          4
f - Foxfire               Conj/Fire      100%       2x1d9     1%          1
g - Passwall              Tmut/Erth      43%        N/A       1%          2
h - Tukima's Dance        Hex            52%        N/A       1%          3
i - Lesser Beckoning      Tloc           52%        N/A       1%          3
j - Passage of Golubria   Tloc           52%        N/A       1%          4
Your spell library was empty.

Dungeon Overview and Level Annotations

Branches:
Dungeon (10/15)            Temple (1/1) D:6           Sewer (visited)
Ossuary (visited)
   Lair: D:8-11         Orc: D:9-12

Altars:
Ashenzari
Cheibriados
Dithmenos
Elyvilon
Fedhas
Gozag
Hepliaklqana
Makhleb
Nemelex Xobeh
Okawaru
Qazlal
Ru
Trog
Uskayaw
Wu Jian
Xom
Yredelemnul
Zin
The Shining One

Shops:
D:3 (   D:8 [

Annotations:
D:10 Grum


Innate Abilities, Weirdness & Mutations

Your life essence is reduced to manifest your ancestor. (-10% HP)
You are immune to sickness and miasma.
You are immune to poison.
Your flesh is very heat resistant. (rF++)
You are vulnerable to cold. (rC-)
You float through the air rather than walking.
You learn spells naturally, not from books.
Your magical power is your life essence.
You have superior vitality. (+4 MHP)


Message History

The stone arrow hits you!
* * * LOW HITPOINT WARNING * * *
Casting: Tukima's Dance (safe; 1% risk of failure)
Confirm with . or Enter, or press ? or * to list all spells.
Really blast near your +1 vorpal mace? [Y]es or [N]o only, please.
Really blast near your +1 vorpal mace?
Okay, then.
You block the wolf's attack.
Your +0 shortbow shoots an arrow.
The arrow hits the centaur.
The wolf completely misses you.
Casting: Iskenderun's Mystic Blast (dangerous; 1% risk of failure)
Confirm with . or Enter, or press ? or * to list all spells.
You erupt in a blast of force!
The mystic blast hits the wolf!!
You kill the wolf!
* * * LOW HITPOINT WARNING * * *
Your +0 shortbow shoots an arrow.
The arrow barely misses the centaur.
You barely miss the centaur.
The centaur is lightly wounded.
The centaur hits you but does no damage.
The centaur closely misses you.
Your +1 vorpal mace hits the gargoyle but does no damage.
Grum hits your +1 vorpal mace with a +1 spear!
Your +1 vorpal mace falls from the air.
Casting: Iskenderun's Mystic Blast (dangerous; 1% risk of failure)
Confirm with . or Enter, or press ? or * to list all spells.
You erupt in a blast of force!
The mystic blast hits the gargoyle but does no damage.
The gargoyle is heavily damaged.
The mystic blast hits the centaur!
The centaur is heavily wounded.
The centaur is knocked back by the mystic blast.
* * * LOW HITPOINT WARNING * * *
Your +0 shortbow shoots an arrow.
The arrow hits the gargoyle but does no damage.
Unknown command.
Your +0 shortbow shoots an arrow.
The arrow hits the centaur!
The centaur dies!
The gargoyle hurls a stone arrow at you.
The stone arrow hits you!!
You die...

# #....#####.................#. #
#........#.................#.
#####........#...............###.
.............#.......#########...
.............#########...........
.................................
.#######.........................
.# #..........###########...) .#
#........@.# #.... .#
#..........# #.... .#
#......9...+ #.... .#
#.......†..# #.... .#
#.......g..# #.... .#
#......)...# ########.... .#
#.(......... ............ .#
............ ............ .#
............#############


You could see Grum, a gargoyle and a friendly +0 shortbow.

Vanquished Creatures
  A cyclops (D:7)
  Maurice (D:9)
  A troll (D:7)
  Grinder (D:6)
  Sigmund (D:3)
  2 wraiths (Ossuary)
  A wyvern (D:8)
  7 yaks
  4 vampire mosquitoes
  Menkaure (D:6)
  A steam dragon (D:7)
  An acid dragon (D:9)
  A water moccasin (D:5)
  An ice beast (D:5)
  4 orc warriors
  3 black bears
  3 wolves (D:10)
  An ogre (D:6)
  A centaur (D:6)
  3 phantoms
  4 kobold brigands (Sewer)
  2 bullfrogs
  3 scorpions (D:5)
  5 wights
  A centaur zombie (Ossuary)
  4 hounds (D:6)
  3 jellies
  5 orc priests
  5 iguanas
  Natasha (D:3)
  16 orc wizards
  A mummy (D:6)
  Robin (D:3)
  3 gnolls (D:3)
  5 river rats
  14 adders
  3 shadow imps (D:6)
  6 white imps
  3 ufetubi (D:6)
  An adder zombie (Ossuary)
  A worm (Sewer)
  5 dart slugs
  36 orcs
  11 ball pythons
  5 bats
  11 endoplasms
  5 giant cockroaches
  16 goblins
  10 hobgoblins
  3 jackals (D:4)
  5 quokkas
  2 frilled lizards (D:1)
  2 hobgoblin zombies (Ossuary)
  10 kobolds
  A kobold zombie (Ossuary)
  An orc skeleton (Ossuary)
  3 orc zombies (Ossuary)
  6 rats
  A foxfire (D:10)
259 creatures vanquished.

Vanquished Creatures (collateral kills)
  A hornet (D:8)
  4 yaks
  A wyvern (D:10)
  A steam dragon (D:10)
  A centaur (D:10)
  2 wights (D:6)
  A howler monkey (D:9)
  An orc priest (D:9)
  3 orcs (D:8)
  A kobold (Sewer)
16 creatures vanquished.

Vanquished Creatures (others)
  A dancing weapon (D:10)
  An ancestor (D:9)
  A battlemage (D:10)
  5 demonic plants (D:6)
  728 foxfires
  43 fulminant prisms
779 creatures vanquished.

Grand Total: 1054 creatures vanquished

Notes
Turn   | Place    | Note
-------+----------+-------------------------------------------
     0 | D:1      | javelincjr the Djinni Conjurer began the quest for the Orb.
     0 | D:1      | javelincjr set off with the following spells memorised:
                  | Magic Dart, Searing Ray, Dazzling Flash, Fulminant Prism,
                  | Iskenderun's Mystic Blast.
     0 | D:1      | Reached XP level 1. HP: 15/15 MP: 0/0
   274 | D:1      | Reached XP level 2. HP: 20/21 MP: 0/0
  1147 | D:1      | Reached XP level 3. HP: 21/25 MP: 0/0
  1147 | D:1      | Learned a level 1 spell: Foxfire
  1607 | D:1      | Reached skill level 4 in Spellcasting
  2125 | D:2      | Reached XP level 4. HP: 21/31 MP: 0/0
  2526 | D:2      | Found a faded altar of an unknown god.
  2724 | D:2      | Found a sacrificial altar of Ru.
  3153 | D:3      | Reached XP level 5. HP: 8/35 MP: 0/0
  3153 | D:3      | Learned a level 2 spell: Passwall
  3403 | D:3      | Found a glowing drain.
  3452 | Sewer    | Entered a sewer
  3629 | Sewer    | Noticed a kobold brigand
  3687 | Sewer    | Killed a kobold brigand
  3688 | Sewer    | Reached XP level 6. HP: 36/41 MP: 0/0
  3759 | Sewer    | Reached skill level 1 in Fighting
  3759 | Sewer    | Reached skill level 5 in Spellcasting
  3904 | Sewer    | Reached XP level 7. HP: 43/47 MP: 0/0
  3904 | Sewer    | Learned a level 3 spell: Tukima's Dance
  4555 | Sewer    | Reached skill level 1 in Armour
  4834 | D:3      | Found Fiases's Weapon Shop.
  5532 | D:3      | Noticed Sigmund
  5539 | D:3      | Killed Sigmund
  5588 | D:3      | Noticed Robin
  5599 | D:3      | Killed Robin
  5808 | D:3      | Reached XP level 8. HP: 52/54 MP: 0/0
  5840 | D:3      | Noticed Natasha
  5843 | D:3      | Killed Natasha
  6055 | D:3      | Found a shimmering altar of Xom.
  6131 | D:4      | Reached skill level 6 in Spellcasting
  6657 | D:4      | Reached skill level 1 in Short Blades
  7329 | D:4      | Identified the +6 short sword "Wodwoew" {venom, rCorr}
  7508 | D:5      | Entered Level 5 of the Dungeon
  7798 | D:5      | Reached skill level 1 in Shields
  8273 | D:5      | Reached XP level 9. HP: 51/58 MP: 0/0
  8273 | D:5      | Learned a level 3 spell: Lesser Beckoning
  8607 | D:6      | Noticed Menkaure
  8614 | D:6      | Killed Menkaure
  8615 | D:6      | Reached skill level 7 in Spellcasting
  8919 | D:6      | Noticed Grinder
  8929 | D:6      | Killed Grinder
  8985 | D:6      | Found a sand-covered staircase.
  8994 | Ossuary  | Entered an ossuary
 10070 | D:6      | Identified 2 scrolls of acquirement
 10074 | D:6      | Acquired 919 gold pieces
 10076 | D:6      | Acquired a manual of Stealth
 10119 | D:6      | Found a staircase to the Ecumenical Temple.
 10137 | Temple   | Entered the Ecumenical Temple
 10473 | Temple   | Became a worshipper of Hepliaklqana the Forgotten
 10503 | D:6      | Reached skill level 8 in Spellcasting
 10593 | D:6      | Reached XP level 10. HP: 57/65 MP: 0/0
 11516 | D:7      | Reached skill level 5 in Dodging
 11825 | D:7      | Found a stormy altar of Qazlal.
 11909 | D:7      | Noticed a cyclops
 11917 | D:7      | Killed a cyclops
 11918 | D:7      | Reached skill level 5 in Shields
 12122 | D:7      | Reached skill level 9 in Spellcasting
 12934 | D:8      | Reached * piety under Hepliaklqana
 12951 | D:8      | Found Pohigych's Armour Shoppe.
 13599 | D:8      | Reached XP level 11. HP: 39/63 MP: 0/0
 13599 | D:8      | Learned a level 4 spell: Passage of Golubria
 13717 | D:9      | Noticed Maurice
 13728 | D:9      | Killed Maurice
 13972 | D:9      | Reached skill level 10 in Spellcasting
 14847 | D:10     | Entered Level 10 of the Dungeon
 14878 | D:10     | Reached ** piety under Hepliaklqana
 14893 | D:10     | Remembered your ancestor Tenoch as a battlemage
 15569 | D:10     | Noticed Grum
 15575 | D:10     | Killed from afar by a gargoyle

Illustrated notes

Levels and vault maps discovered:
D:1:      eino_arrival_tree_alley, layout_basic, serial_corexii_hall,
          chequers_hall_statues_wall_a, chequers_hall_statues_corner_a,
          corexii_hall_statues_l, chequers_hall_statues_wall_a,
          corexii_hall_statues_t, chequers_hall_statues_y, minmay_pentomino_s4
D:2:      layout_basic, basic_altar, hellmonk_ecumenical_altar_blasted
D:3:      layout_basic, marbit_many_paths, kennysheep_orc_sif_temple,
          portal_sewer_entry_b, serial_shops, nicolae_shop_hallway_stairs,
          wad_orctagon, uniq_natasha, uniq_robin, uniq_sigmund
D:4:      layout_gridville, minmay_goblin_outpost
D:5:      layout_loops_corners
D:6:      layout_basic, minmay_temple_entry_waves, gup_ossuary_entry_pyramid,
          serial_demonic, serial_demonic_b, serial_demonic_e, serial_demonic_a,
          serial_demonic_d, uniq_menkaure, uniq_grinder
D:7:      layout_cave_pools, lemuel_tele_altar, minmay_manual_moon
D:8:      layout_loops_cross, serial_shops, nicolae_lakefront_shop
D:9:      wander_river, layout_rooms, minivault_19, uniq_maurice
D:10:     lemuel_ice_spiral_2, layout_irregular_city, uniq_grum
Temple:   nicolae_temple_bog_church

Skill      XL: |  1  2  3  4  5  6  7  8  9 10 11 |
---------------+----------------------------------+-----
Spellcasting   | 4 5 6 8 9 10 | 10.5
Stealth        | 2 3 4 |  4.6
Fighting       | 1 2 |  2.6
Dodging        | 3 4 5 |  5.8
Armour         | 2 3 4 |  4.9
Short Blades   | 1 2 |  2.5
Shields        | 2 3 5 6 |  6.6

Action                   |  1- 3 |  4- 6 |  7- 9 | 10-12 || total
-------------------------+-------+-------+-------+-------++-------
Melee: Dagger            |       |    20 |     5 |       ||    25
       Short sword       |       |       |    88 |    15 ||   103
 Cast: Magic Dart        |    66 |    41 |       |       ||   107
       Foxfire           |       |    21 |   235 |   181 ||   437
       Searing Ray       |       |     5 |     1 |       ||     6
       Tukima's Dance    |       |       |     2 |     3 ||     5
       Iskenderun's Myst |       |       |    25 |    18 ||    43
       Fulminant Prism   |       |       |     7 |    36 ||    43
Invok: Ancestor Life: Ba |       |       |       |     1 ||     1
  Use: Potion            |       |     5 |     1 |       ||     6
       Scroll            |       |       |     9 |     2 ||    11
Armor: Robe              |       |     6 |       |       ||     6
       Leather armour    |       |     1 |    34 |     7 ||    42
Dodge: Dodged            |     7 |    14 |    76 |    25 ||   122
Block: Buckler           |       |       |    17 |    11 ||    28
       Tower shield      |       |       |     6 |       ||     6
